 Dungeon Crawl Stone Soup version 0.18-a0-1171-ga8e22e7 (webtiles) character file.

57948 M4edhros the Covert (level 14, -4/105 HPs)
             Began as an Octopode Artificer on Jan 26, 2016.
             Was a High Priest of Fedhas.
             Slain by a four-headed hydra (10 damage)
             ... on level 7 of the Lair of Beasts.
             The game lasted 01:09:34 (24616 turns).

M4edhros the Covert (Octopode Artificer)           Turns: 24616, Time: 01:09:34

Health: -4/105     AC:  2    Str: 16    XL:     14   Next: 88%
Magic:  30/30      EV: 16    Int: 19    God:    Fedhas [*****.]
Gold:   1959       SH: 18    Dex: 14    Spells: 0 memorised, 19 levels left

rFire  . . .     SeeInvis .     J - +1 dagger (speed)
rCold  + + .     Gourm    .     e - +0 large shield {rC+}
rNeg   . . .     Faith    .     (helmet restricted)
rPois  .         Spirit   .     r - amulet of rage
rElec  +         Dismiss  .     n - ring of Greed {*Contam MR+ Slay+6 Stlth+}
rCorr  .         Reflect  .     u - ring of protection from magic
SustAt +         Harm     .     P - +2 ring of dexterity
MR     +++..     Rnd*Rage +     R - ring of sustain attributes
Stlth  +++++++++. Rnd*Tele +    N - ring of protection from cold
                                C - ring of wizardry
                                k - ring "Cekhlox" {rElec MP+9}
                                o - +5 ring of strength

@: extremely resistant to hostile enchantments, incredibly stealthy
A: almost no armour, amphibious, 8 rings, constrict 8, antennae 1, beak, rugged
brown scales 1, camouflage 1, berserk 1, blurry vision 1, robust 2, teleportitis
1, gelatinous body 1
a: Evolution, Sunlight, Growth, Reproduction, Rain, Renounce Religion, Evoke
Berserk Rage


You were on level 7 of the Lair of Beasts.
You worshipped Fedhas.
Fedhas was extremely pleased with you.
You were near starving.

You visited 4 branches of the dungeon, and saw 22 of its levels.
You also visited: Ossuary, Ice Cave and Volcano.

You collected 2148 gold pieces.
You spent 189 gold pieces at shops.

Inventory:

Hand Weapons
 h - a +0 hunting sling
 J - a +1 dagger of speed (weapon)
 L - a +0 blowgun
Missiles
 g - 357 stones
 M - 4 curare-tipped needles
 S - 89 sling bullets
Armour
 e - a +0 large shield of cold resistance (worn)
Rods
 V - a +6 rod of clouds (2/12)
   (You acquired it on level 11 of the Dungeon)
Jewellery
 j - an uncursed ring of teleportation
 k - the ring "Cekhlox" (on tentacle) {rElec MP+9}
   (You found it on level 12 of the Dungeon)

   [ring of magical power]

   It insulates you from electricity.
   It affects your magic capacity (+9).
 n - the ring of Greed (left tentacle) {*Contam MR+ Slay+6 Stlth+}
   (You found it on level 4 of the Dungeon)

   [ring of slaying]

   It affects your accuracy and damage with ranged weapons and melee attacks
   (+6).
   It affects your resistance to hostile enchantments.
   It causes magical contamination when unequipped.
   It makes you more stealthy.
 o - a +5 ring of strength (on tentacle)
 r - an amulet of rage (around mantle)
 u - a ring of protection from magic (right tentacle)
 C - a ring of wizardry (on tentacle)
 N - a ring of protection from cold (on tentacle)
 P - a +2 ring of dexterity (on tentacle)
 R - a ring of sustain attributes (on tentacle)
Wands
 a - a wand of invisibility (2/9)
 b - a wand of flame (14/48)
 c - a wand of enslavement (10/24)
 i - a wand of cold (5/15)
 q - a wand of slowing (18/48)
 s - a wand of enslavement (8/24)
 Q - a wand of disintegration (11/24) (quivered)
 X - a wand of confusion (23/48)
Scrolls
 d - a scroll of enchant armour
 l - a scroll of vulnerability
 p - 5 scrolls of magic mapping
 w - a scroll of remove curse
 y - a scroll of fog
 D - 4 scrolls of recharging
 G - 5 scrolls of fear
 I - 3 scrolls of enchant weapon
 K - 11 scrolls of teleportation
 T - a scroll of blinking
Potions
 t - 3 potions of resistance
 v - 5 potions of might
 x - a potion of berserk rage
 F - a potion of haste
 H - 4 potions of magic
 O - 3 potions of invisibility
 W - a potion of lignification {unknown}
Comestibles
 f - 2 bread rations
 m - 28 fruits
 z - 15 royal jellies
 B - 5 slices of pizza


   Skills:
 + Level 4.9 Fighting
 - Level 1.0 Short Blades
 + Level 10.7 Slings
 + Level 11.1 Dodging
 + Level 14.7 Stealth
 * Level 12.6 Shields
 + Level 3.1 Spellcasting
 - Level 9.8 Invocations
 * Level 8.0 Evocations


You had 19 spell levels left.
You didn't know any spells.

Dungeon Overview and Level Annotations

Branches:
Dungeon (12/15)            Temple (1/1) D:6            Lair (7/8) D:9
  Swamp (0/4) Lair:4        Snake (0/4) Lair:5        Slime (0/6) Lair:7
    Orc (2/2) D:12            Elf (0/3) Orc:2

Altars:
Cheibriados
Dithmenos
Elyvilon
Fedhas
Gozag
Kikubaaqudgha
Makhleb
Nemelex Xobeh
Okawaru
Pakellas
Qazlal
Ru
Sif Muna
Trog
Vehumet
Xom
Yredelemnul
Zin
The Shining One

Shops:
D:6 [   D:11 }   Orc:2 *=!%

Annotations:
D:5 1 runed door
Lair:6 1 exclusion


Innate Abilities, Weirdness & Mutations

You cannot wear most types of armour.
You are amphibious.
You can wear up to eight rings at the same time.
You can use your tentacles to constrict eight enemies at once.
Your skin changes colour to match your surroundings (Stealth).
Your rubbery body absorbs attacks (AC +1).
You have a pair of small antennae on your head.
You have a beak for a mouth.
You are partially covered in rugged brown scales (AC +1, +3% HP).
You tend to lose your temper in combat.
Scrolls take you a little longer to read.
You are very robust (+20% HP).
You are occasionally teleported next to monsters.


Message History

The four-headed hydra is engulfed in roaring flames.
Evoke which item? (* to show all) (? for menu, Esc to quit)
Zapping:
i - a wand of cold {zapped: 6} (will waste charges)
Press: ? - help, Shift-Dir - straight line, f/p - four-headed hydra
Aim: a four-headed hydra (heavily wounded)
Okay, then.
Read which item? (? for menu, Esc to quit)
Okay, then.
Evoke which item? (* to show all) (? for menu, Esc to quit)
Zapping:
i - a wand of cold {zapped: 6} (will waste charges)
Press: ? - help, Shift-Dir - straight line, f/p - four-headed hydra
Aim: a four-headed hydra (heavily wounded)
The bolt of cold hits the four-headed hydra.
The four-headed hydra is almost dead.
You hear a sizzling sound!
Evoking this partially-identified wand wasted a few charges.
You block the four-headed hydra's attack.
The four-headed hydra bites you!
You die...
Fedhas appreciates your contribution to the ecosystem.

...#.##.####.PPP####
........#......#....##..
#.............#......#..
.%............#......P..
.P.§§§........##........
....§§§ #.............P.
.....§§###............##
.#...§†.##............##
....§.D@................
...§§§§.....?...........
..#§##P##..##.#.#.....P.
# ## ########..######
####


You could see a four-headed hydra.

Vanquished Creatures
  Kirke (Lair:5)
  A stone giant (Orc:2)
  Nessos (Lair:5)
  A white draconian (IceCv)
  Josephine (Lair:4)
  A catoblepas (Lair:6)
  A centaur warrior (D:12)
  5 death yaks (Lair:5)
  A hydra (Lair:7)
  3 orc high priests (Orc:2)
  An unseen horror (D:11)
  A hill giant (D:10)
  A lindwurm (Volcano)
  2 orc sorcerers (Orc:2)
  An orc knight (Orc:2)
  A cyclops (Orc:2)
  A deep elf mage (D:11)
  An ice statue (IceCv)
  A torpor snail (Lair:5)
  10 spiny frogs
  A komodo dragon (Lair:2)
  An efreet (D:12)
  6 fire drakes
  3 trolls
  7 polar bears (IceCv)
  Prince Ribbit (D:6)
  17 blink frogs
  A wandering mushroom (Lair:5)
  A centaur simulacrum (D:12)
  7 basilisks
  4 wyverns (Lair:5)
  4 wraiths (Lair:4)
  A human (D:7)
  4 fire bats
  A hog (Lair:5)
  A hungry ghost (D:12)
  34 yaks
  2 vampire mosquitoes (Lair:4)
  11 hippogriffs
  2 nagas (Lair:5)
  14 wolves
  3 mottled dragons (Volcano)
  9 swamp worms (Lair:1)
  10 water moccasins
  A hell hound (Lair:5)
  11 porcupines
  9 orc warriors
  3 phantoms
  5 ice beasts
  A wasp (D:10)
  7 ogres
  A centaur (D:8)
  9 crocodiles
  7 giant frogs
  8 scorpions
  19 killer bees
  3 electric eels (Lair:2)
  6 crimson imps
  A wyvern simulacrum (D:12)
  A lava snake (Lair:6)
  A quasit (D:7)
  5 hounds
  A centaur zombie (D:5)
  3 centaur skeletons
  22 orc priests
  2 giant frog skeletons
  6 jellies
  16 orc wizards
  8 iguanas
  3 human skeletons (Ossuary)
  12 worker ants
  9 sheep
  A giant frog simulacrum (D:12)
  A wasp simulacrum (D:12)
  A hound skeleton (D:8)
  2 mummies (Ossuary)
  3 gnolls (D:11)
  10 adders
  23 river rats
  3 shadow imps
  4 oozes (Lair:7)
  2 adder skeletons
  8 worms
  6 giant geckos
  54 orcs
  12 giant cockroaches
  7 goblins
  7 hobgoblins
  13 jackals
  4 quokkas
  9 bats
  8 giant newts
  A gnoll skeleton (Ossuary)
  A goblin skeleton (Ossuary)
  3 kobolds
  2 orc skeletons (Ossuary)
  A quokka skeleton (D:6)
  7 rats
  A butterfly (Lair:6)
  4 giant spores (Orc:2)
  A plant (Lair:7)
  2 toadstools (IceCv)
562 creatures vanquished.

Vanquished Creatures (collateral kills)
  The ghost of Voda the Slinger, a journeyman OpVM of Dithmenos (Lair:2)
  A hydra (Lair:3)
  The ghost of M4edhros the Covert, a journeyman FoAr of Fedhas (IceCv)
  A catoblepas (Lair:5)
  2 death yaks (Lair:5)
  2 unseen horrors
  3 hill giants (D:12)
  A griffon (Lair:5)
  3 ugly things
  4 wolves
  A spiny frog (Lair:5)
  A gargoyle (D:12)
  A komodo dragon (Lair:6)
  2 fire drakes (Lair:5)
  A queen bee (Lair:3)
  2 trolls
  6 polar bears
  A wolf spider simulacrum (D:12)
  A two-headed ogre (D:12)
  Grinder (D:3)
  A wraith (D:10)
  4 wyverns
  4 hippogriffs (Lair:5)
  9 yaks
  3 vampire mosquitoes
  2 mottled dragons
  A spatial vortex (D:3)
  2 swamp worms (Lair:1)
  A hell hound (Lair:5)
  A porcupine (Lair:5)
  A sky beast (D:8)
  5 orc warriors
  An ogre (Orc:1)
  A centaur (D:12)
  2 crocodiles
  3 giant frogs
  A scorpion (Ossuary)
  21 killer bees
  A quasit (D:11)
  5 orc wizards
  6 orc priests
  A centaur skeleton (Ossuary)
  A giant frog skeleton (D:12)
  An iguana (Lair:5)
  3 sheep
  A big kobold skeleton (Ossuary)
  A mummy (Ossuary)
  2 adders
  4 river rats (Lair:5)
  A shadow imp (D:12)
  An adder skeleton (D:7)
  A worm (Lair:1)
  7 orcs
  A bat (D:3)
  A giant newt (D:5)
  A kobold (D:3)
  A butterfly (Lair:6)
  7 giant spores (Orc:2)
146 creatures vanquished.

Vanquished Creatures (others)
  A thorn hunter (Orc:2)
  4 oklob plants (Orc:2)
  An orc high priest (Orc:2)
  A wolf (Lair:2)
  24 wandering mushrooms
  3 humans (Lair:5)
  A mottled dragon (Volcano)
  A scorpion (Ossuary)
  4 orc priests (Orc:2)
  An orc wizard (Orc:2)
  A killer bee zombie (D:8)
  4 scorpion zombies (Ossuary)
  An orc (Orc:2)
  A kobold zombie (Ossuary)
  15 ballistomycetes (Orc:2)
  A briar patch (Orc:2)
  4 fungi
  9 giant spores (Orc:2)
  3 hyperactive ballistomycetes (Orc:2)
  5 plants
  605 toadstools
690 creatures vanquished.

Grand Total: 1398 creatures vanquished

Notes
Turn   | Place    | Note
--------------------------------------------------------------
     0 | D:1      | M4edhros the Octopode Artificer began the quest for the Orb.
     0 | D:1      | Reached XP level 1. HP: 13/13 MP: 3/3
   288 | D:1      | You fall through a shaft!
   319 | D:2      | Reached XP level 2. HP: 18/18 MP: 4/4
   394 | D:2      | You fall through a shaft for 2 floors!
   402 | D:4      | Reached skill level 1 in Slings
   584 | D:4      | Got a slimy silver ring
   585 | D:4      | Identified the ring of Greed {*Contam MR+ Slay+6 Stlth+} (You found it on level 4 of the Dungeon)
   631 | D:4      | Noticed a phantom
   659 | D:4      | Reached XP level 3. HP: 16/23 MP: 5/5
   791 | D:4      | Noticed a phantom
   815 | D:4      | Killed a phantom
   815 | D:4      | Reached XP level 4. HP: 28/28 MP: 6/6
   815 | D:4      | Reached XP level 5. HP: 33/33 MP: 7/7
   869 | D:4      | Killed a phantom
   869 | D:4      | Reached skill level 4 in Stealth
  1001 | D:4      | Reached XP level 6. HP: 38/38 MP: 7/9
  1112 | D:5      | Entered Level 5 of the Dungeon
  1278 | D:5      | Reached skill level 5 in Stealth
  1398 | D:5      | Found a runed door.
  1411 | D:5      | Found a runed door.
  1473 | D:5      | Reached XP level 7. HP: 18/43 MP: 10/10
  1828 | D:5      | Found a glowing silver altar of Zin.
  1828 | D:5      | Noticed an angel
  2127 | D:6      | Found a sand-covered staircase.
  2287 | D:6      | Found a staircase to the Ecumenical Temple.
  2295 | Temple   | Entered the Ecumenical Temple
  2349 | Temple   | Became a worshipper of Xom of Chaos
  2489 | Temple   | Fell from the grace of Xom
  2489 | Temple   | Became a worshipper of Fedhas Madash
  2558 | Ossuary  | Entered an ossuary
  2693 | Ossuary  | XOM: medium Pois miscast
  2718 | Ossuary  | Reached * piety under Fedhas
  2730 | Ossuary  | Reached skill level 5 in Dodging
  2739 | Ossuary  | Reached skill level 6 in Stealth
  2757 | Ossuary  | Reached skill level 1 in Invocations
  2837 | Ossuary  | XOM: noise
  2850 | Ossuary  | Reached XP level 8. HP: 26/48 MP: 11/11
  2940 | Ossuary  | XOM: give mutation
  2940 | Ossuary  | Gained mutation: Your body sometimes deteriorates upon taking damage. [Xom's mischief]
  3240 | Ossuary  | XOM: polymorph wandering mushroom -> wandering mushroom
  3666 | D:3      | Found a deep blue altar of Sif Muna.
  3696 | D:3      | Identified Sif Muna's Papyrus of Combat Magic
  4230 | D:1      | Reached ** piety under Fedhas
  5225 | D:3      | Noticed Grinder
  5225 | D:3      | XOM: mild Tloc miscast
  5241 | D:3      | Killed Grinder
  5241 | D:3      | Reached skill level 7 in Stealth
  5288 | D:3      | XOM: polymorph wandering mushroom -> oklob plant
  5548 | D:3      | XOM: mild Pois miscast
  5660 | D:3      | XOM: noise
  5697 | D:3      | XOM: give mutations
  5697 | D:3      | Gained mutation: You are weak. (Str -2) [Xom's mischief]
  5697 | D:3      | Gained mutation: You occasionally shout uncontrollably at your foes. [Xom's mischief]
  5707 | D:3      | XOM: mild Summ miscast
  6146 | D:5      | Reached skill level 5 in Slings
  6167 | D:5      | Reached *** piety under Fedhas
  6208 | D:6      | XOM: medium Erth miscast
  6215 | D:6      | Lost mutation: Your body sometimes deteriorates upon taking damage. [potion of cure mutation]
  6215 | D:6      | Lost mutation: You are weak. (Str -2) [potion of cure mutation]
  6215 | D:6      | Lost mutation: You occasionally shout uncontrollably at your foes. [potion of cure mutation]
  6218 | D:6      | Gained mutation: Your muscles are strong. (Str +2) [potion of mutation]
  6218 | D:6      | Gained mutation: You are robust (+10% HP). [potion of mutation]
  6218 | D:6      | Gained mutation: Your body sometimes deteriorates upon taking damage. [potion of mutation]
  6250 | D:6      | XOM: mild Hex miscast
  6352 | D:6      | Reached skill level 8 in Stealth
  6553 | D:6      | XOM: mild Necr miscast
  6562 | D:6      | Reached XP level 9. HP: 27/59 MP: 12/12
  6768 | D:6      | XOM: noise
  6808 | D:6      | Noticed Prince Ribbit
  6825 | D:6      | Killed Prince Ribbit
  6856 | D:6      | Found Googishry's Armour Shop.
  6929 | D:6      | Got an encrusted helmet
  6930 | D:6      | Identified the +1 helmet of Pragmatism {rPois rCorr} (You found it on level 6 of the Dungeon)
  7084 | D:6      | Reached skill level 5 in Evocations
  7225 | D:7      | Found a bloodstained altar of Trog.
  7275 | D:7      | Found a stormy altar of Qazlal.
  7394 | D:7      | Reached **** piety under Fedhas
  7501 | D:7      | XOM: silly message
  7511 | D:7      | Found a glowing golden altar of the Shining One.
  7516 | D:7      | Found a basalt altar of Yredelemnul.
  7518 | D:7      | Noticed a profane servitor
  7624 | D:7      | Reached skill level 1 in Shields
  7690 | D:7      | Reached skill level 9 in Stealth
  7958 | D:7      | Noticed an angel
  8373 | D:8      | XOM: noise
  8698 | D:8      | Reached XP level 10. HP: 39/68 MP: 13/13
  8856 | D:8      | XOM: mild Trmt miscast
  8994 | D:8      | XOM: noise
  9522 | D:9      | XOM: medium Erth miscast
  9562 | D:9      | HP: 2/68 [fire drake/blast of flame (28)]
  9566 | D:9      | Reached skill level 5 in Shields
  9784 | D:9      | Reached ***** piety under Fedhas
  9803 | D:9      | Found a staircase to the Lair.
  9976 | D:9      | Reached skill level 10 in Stealth
 10146 | D:10     | Entered Level 10 of the Dungeon
 10195 | D:10     | Gained mutation: You have a beak for a mouth. [potion of mutation]
 10195 | D:10     | Gained mutation: You are partially covered in rugged brown scales (AC +1, +3% HP). [potion of mutation]
 10195 | D:10     | Gained mutation: You tend to lose your temper in combat. [potion of mutation]
 10403 | D:10     | Noticed a hill giant
 10412 | D:10     | Killed a hill giant
 10412 | D:10     | Reached skill level 5 in Invocations
 10438 | D:10     | XOM: noise
 10616 | D:10     | XOM: mild Pois miscast
 10888 | D:11     | Noticed a deep elf mage
 10893 | D:11     | XOM: confuse monster(s)
 10895 | D:11     | Killed a deep elf mage
 11061 | D:11     | Noticed a green ugly thing
 11070 | D:11     | Killed a green ugly thing
 11074 | D:11     | Gained mutation: You are occasionally teleported next to monsters. [mutagenic meat]
 11075 | D:11     | Gained mutation: You are resistant to hostile enchantments. [mutagenic meat]
 11076 | D:11     | Lost mutation: You tend to lose your temper in combat. [mutagenic meat]
 11083 | D:11     | Lost mutation: You are resistant to hostile enchantments. [potion of cure mutation]
 11083 | D:11     | Lost mutation: Your body sometimes deteriorates upon taking damage. [potion of cure mutation]
 11083 | D:11     | Lost mutation: Your muscles are strong. (Str +2) [potion of cure mutation]
 11197 | D:11     | Found Ucoxon's Quality Used Wands.
 11269 | D:11     | Noticed an unseen horror
 11271 | D:11     | Killed an unseen horror
 11351 | D:11     | Identified a scroll of acquirement
 11354 | D:11     | Identified a +4 rod of clouds (10/10) (You acquired it on level 11 of the Dungeon)
 11500 | D:11     | XOM: polymorph wandering mushroom -> thorn hunter
 11531 | D:11     | Reached XP level 11. HP: 75/75 MP: 15/15
 11565 | D:11     | XOM: noise
 11614 | D:11     | Killed an unseen horror
 11781 | D:12     | Noticed a centaur warrior
 11785 | D:12     | Killed a centaur warrior
 11785 | D:12     | Reached skill level 11 in Stealth
 11796 | D:12     | Noticed a hill giant
 11802 | D:12     | Killed a hill giant
 11823 | D:12     | Noticed a brown ugly thing
 11833 | D:12     | Killed a brown ugly thing
 11840 | D:12     | Gained mutation: You tend to lose your temper in combat. [mutagenic meat]
 11841 | D:12     | Gained mutation: You have a pair of small antennae on your head. [mutagenic meat]
 11849 | D:12     | Found a frozen archway.
 11863 | IceCv    | Entered an ice cave
 11863 | IceCv    | Noticed M4edhros's ghost (journeyman FoAr)
 11880 | IceCv    | Killed M4edhros's ghost
 12248 | IceCv    | Noticed a white draconian
 12283 | IceCv    | Killed a white draconian
 12461 | IceCv    | Reached XP level 12. HP: 54/81 MP: 17/17
 12579 | IceCv    | Reached skill level 12 in Stealth
 12816 | IceCv    | Was forgiven by Xom
 14036 | D:12     | Got a crude amber ring
 14037 | D:12     | Identified the ring "Cekhlox" {rElec MP+9} (You found it on level 12 of the Dungeon)
 14038 | D:12     | Found a staircase to the Orcish Mines.
 14247 | D:12     | Gained mutation: Scrolls take you a little longer to read. [mutagenic meat]
 14836 | Orc:1    | Entered Level 1 of the Orcish Mines
 15067 | Orc:2    | Entered Level 2 of the Orcish Mines
 15128 | Orc:2    | Noticed a stone giant
 15130 | Orc:2    | Noticed an orc high priest
 15135 | Orc:2    | Noticed a sun demon
 15138 | Orc:2    | HP: 1/81 [orc priest/divine providence (11)]
 15473 | Orc:2    | Noticed an orc high priest
 15478 | Orc:2    | Noticed a sun demon
 15478 | Orc:2    | Noticed a sun demon
 15480 | Orc:2    | Killed a stone giant
 15480 | Orc:2    | Reached skill level 10 in Shields
 15501 | Orc:2    | Killed an orc high priest
 15501 | Orc:2    | Reached skill level 13 in Stealth
 16033 | Orc:2    | Noticed an orc high priest
 16069 | Orc:2    | Killed an orc high priest
 16074 | Orc:2    | Killed an orc high priest
 16074 | Orc:2    | Reached XP level 13. HP: 27/87 MP: 19/19
 16478 | Orc:2    | Found Heitoec's Food Boutique.
 16478 | Orc:2    | Found Fazuv's Distillery.
 16482 | Orc:2    | Found Cogi's Jewellery Shop.
 16482 | Orc:2    | Found Urebb's Assorted Antiques.
 16491 | Orc:2    | Bought 3 fruits for 63 gold pieces
 16491 | Orc:2    | Bought 4 fruits for 84 gold pieces
 16491 | Orc:2    | Bought 2 fruits for 42 gold pieces
 16536 | Orc:2    | Found a staircase to the Elven Halls.
 16652 | Orc:2    | Reached skill level 10 in Dodging
 16958 | Lair:1   | Entered Level 1 of the Lair of Beasts
 17578 | Lair:1   | Found a shimmering altar of Xom.
 17756 | Lair:1   | Gained mutation: You are very robust (+20% HP). [potion of beneficial mutation]
 18293 | Lair:2   | Noticed Voda's ghost (journeyman OpVM)
 18309 | Lair:2   | Killed Voda's ghost
 19068 | Lair:3   | Reached skill level 10 in Slings
 19442 | Lair:3   | HP: 3/94 [killer bee (9)]
 20046 | Lair:4   | Noticed Josephine
 20056 | Lair:4   | Killed Josephine
 20295 | Lair:4   | Reached skill level 14 in Stealth
 20421 | Lair:4   | Found a staircase to the Swamp.
 21089 | Lair:5   | Noticed Nessos
 21118 | Lair:5   | Reached ****** piety under Fedhas
 21198 | Lair:5   | Found a staircase to the Snake Pit.
 21209 | Lair:5   | Reached skill level 1 in Spellcasting
 21290 | Lair:5   | Reached XP level 14. HP: 102/102 MP: 21/21
 21578 | Lair:5   | Noticed Kirke
 21589 | Lair:5   | Noticed a sphinx
 21602 | Lair:5   | Killed Kirke
 21751 | Lair:5   | Found a dark tunnel.
 21759 | Volcano  | Entered a volcano
 22304 | Lair:5   | HP: 5/104 [poisoned by Nessos]
 22664 | Lair:5   | Killed Nessos
 24426 | Lair:7   | Found a staircase to the Slime Pits.
 24611 | Lair:7   | HP: 5/105 [blink frog (14)]
 24616 | Lair:7   | Slain by a four-headed hydra

Vault maps used:
D:1:      wheals_arrival_shading, minivault_11, minmay_misc_feat_iff,
          minmay_cut_off
D:2:      nrook_mini_vaults, minmay_close_crescents
D:3:      led_sif_book, uniq_grinder
D:5:      lemuel_insect_pit, zin_angel, first_bread, kennysheep_nub
D:6:      minmay_temple_entry_statues_pillars, enter_ossuary_1, serial_shops,
          shop, solitary_fountain, uniq_prince_ribbit1
D:7:      grunt_temple_overflow_holy_war, bloody_trog,
          nicolae_qazlal_style_of_elements, grunt_livestock
D:9:      minmay_lair_entry_lava
D:11:     nicolae_for_you_no_charge
D:12:     serial_ice, serial_ice_m, serial_ice_n, serial_ice_h, serial_ice_c,
          portal_ice_cave_entry_pillars_03, uniq_frances
Temple:   hc_temple_tempest_star
Lair:1:   basic_altar, worms_lemuel, infiniplex_staircase_pool_2
Lair:2:   cheibrodos_lair_caveside_slide, serial_bayou_shore_a
Lair:3:   special_room, lemuel_fruit_tree
Lair:4:   minmay_swamp_entry_swarm, uniq_josephine
Lair:5:   minmay_snake_entry_guardpost_small, enter_volcano_2, special_room,
          grunt_megastairs_3, uniq_kirke, uniq_nessos
Lair:6:   special_room, columned_hall_lemuel, lemuel_fruit_fields
Lair:7:   nicolae_slime_entry_slimehenge
Orc:1:    serial_shops, nicolae_shop_trees, uniq_fannar
Orc:2:    st_orc_mages
Ossuary:  ossuary_minmay_scorpions
IceCv:    ice_cave_small_giant
Volcano:  volcano_pools

Action                   |  1- 3 |  4- 6 |  7- 9 | 10-12 | 13-15 || total
-------------------------+-------+-------+-------+-------+-------++-------
Melee: Short sword       |    24 |       |    10 |       |       ||    34
       Dagger            |       |       |   194 |   151 |   467 ||   812
 Fire: Hunting sling     |    29 |    63 |   199 |   708 |   542 ||  1541
       Blowgun           |       |       |       |     3 |    17 ||    20
Invok: Evolution         |       |       |     4 |    18 |    16 ||    38
       Sunlight          |       |       |     1 |     4 |       ||     5
       Growth            |       |       |       |     1 |       ||     1
       Rain              |       |       |       |     3 |       ||     3
       Reproduction      |       |       |       |     3 |       ||     3
Evoke: Wand              |     1 |       |       |     7 |     9 ||    17
       Rod               |       |       |       |    15 |    19 ||    34
  Use: Scroll            |     3 |       |     8 |    13 |     7 ||    31
       Potion            |       |       |     6 |    11 |    15 ||    32
 Stab: Sleeping          |     1 |       |    28 |    10 |    48 ||    87
       Confused          |       |       |       |     4 |     6 ||    10
       Distracted        |       |       |       |       |     5 ||     5
  Eat: Chunk             |       |     2 |     3 |     8 |       ||    13
       Meat ration       |       |       |     3 |     3 |     3 ||     9
       Beef jerky        |       |       |     1 |     3 |     1 ||     5
       Bread ration      |       |       |     1 |     2 |     4 ||     7
       Pizza             |       |       |       |     1 |     2 ||     3
